[Event "ICC tourney 1911 (25 10)"]
[Site "Internet Chess Club"]
[Date "2020.07.11"]
[Round "1"]
[White "moneymo"]
[Black "yogokings12"]
[Result "1-0"]
[ICCResult "Black resigns"]
[WhiteElo "1419"]
[BlackElo "1575"]
[Opening "Polish (Sokolsky) opening"]
[ECO "A00"]
[NIC "VO.10"]
[Time "12:03:45"]
[TimeControl "1500+10"]

1. b4 e5 2. Bb2 Bxb4 3. Bxe5 Nf6 4. g4 Nc6 5. Bb2 Nxg4 6. Bxg7 Qh4 7. Nh3
Rg8 8. Bc3 d5 9. Bxb4 Nxb4 10. c3 Nc6 11. Qa4 Bd7 12. Qf4 O-O-O 13. Na3 Qe7
14. Nb5 Be6 15. a4 a6 16. Nd4 Nxd4 17. cxd4 Qd6 18. e3 Qxf4 19. Nxf4 Nf6 20.
f3 Bf5 21. h4 h5 22. Kf2 Rg7 23. d3 Rdg8 24. e4 dxe4 25. dxe4 Bg6 26. a5 Nd7
27. Nd5 Kd8 28. Rb1 b5 29. axb6 Nxb6 30. Nxb6 cxb6 31. Rxb6 f5 32. e5 Bf7
33. d5 Kc7 34. Rc6+ Kb7 35. e6 Be8 36. Rxa6 Rc7 37. Bd3 Rc3 38. Rb1+ Kc7 39.
d6+ Kd8 {Black resigns} 1-0

[Event "ICC tourney 1911 (25 10)"]
[Site "Internet Chess Club"]
[Date "2020.07.11"]
[Round "1"]
[White "tcrgm"]
[Black "langlglang"]
[Result "1-0"]
[ICCResult "Black resigns"]
[WhiteElo "1445"]
[BlackElo "1155"]
[Opening "Giuoco Piano: LaBourdonnais variation"]
[ECO "C53"]
[NIC "IG.02"]
[Time "12:03:51"]
[TimeControl "1500+10"]

1. e4 e5 2. Nf3 Nc6 3. Bc4 Bc5 4. c3 d6 5. d4 exd4 6. cxd4 Bb6 7. h3 Nge7 8.
Nc3 O-O 9. O-O Kh8 10. Ng5 Qe8 11. Qh5 h6 12. Nxf7+ Kh7 13. Ng5+ Kh8 14. Bf7
Rxf7 15. Nxf7+ Kh7 16. Ng5+ {Black resigns} 1-0

[Event "ICC tourney 1911 (25 10)"]
[Site "Internet Chess Club"]
[Date "2020.07.11"]
[Round "1"]
[White "IndianTerritory"]
[Black "chessmaster0981"]
[Result "1-0"]
[ICCResult "Black resigns"]
[WhiteElo "1483"]
[BlackElo "1317"]
[Opening "French: advance, Wade variation"]
[ECO "C02"]
[NIC "FR.03"]
[Time "12:03:58"]
[TimeControl "1500+10"]

1. e4 e6 2. d4 d5 3. e5 c5 4. c3 Qb6 5. Nf3 Bd7 6. Be2 Bb5 7. Bxb5+ Qxb5 8.
Na3 Qb6 9. Nc2 Nc6 10. O-O cxd4 11. Ncxd4 Nge7 12. Qa4 Ng6 13. Be3 Qc7 14.
Rac1 Be7 15. c4 dxc4 16. Rxc4 Rc8 17. Nb5 Qb8 18. Nxa7 Rc7 19. Nxc6 bxc6 20.
Rxc6 O-O 21. Rxc7 Qxc7 22. Qe4 Rb8 23. Bd4 Rb4 24. b3 Qd7 25. Qa8+ Nf8 26.
Be3 Rb7 27. Rc1 Rc7 28. Ra1 Bb4 29. a3 Bc3 30. Rf1 Bb2 31. a4 Rb7 32. Bc5 h6
33. Qxf8+ Kh7 34. a5 Rxb3 35. a6 Rd3 36. a7 Rd1 37. g3 Rxf1+ 38. Kxf1 Qd1+
39. Kg2 {Black resigns} 1-0

[Event "ICC tourney 1911 (25 10)"]
[Site "Internet Chess Club"]
[Date "2020.07.11"]
[Round "1"]
[White "JunlinTheWorld"]
[Black "Checkmatestone"]
[Result "1-0"]
[ICCResult "Black checkmated"]
[WhiteElo "1674"]
[BlackElo "1363"]
[Opening "French: Two knights variation"]
[ECO "C00"]
[NIC "FR.01"]
[Time "12:04:08"]
[TimeControl "1500+10"]

1. e4 e6 2. Nf3 d5 3. Nc3 c6 4. d4 h6 5. Bd3 Bb4 6. O-O Bxc3 7. bxc3 dxe4 8.
Bxe4 Nf6 9. Bd3 b6 10. Ne5 Bb7 11. Qf3 Qd5 12. Qg3 Rg8 13. Ba3 Nbd7 14. Nxf7
c5 15. Bg6 Ke7 16. dxc5 Nxc5 17. Rad1 Qc6 18. Ne5 Qa4 19. Rd4 Qxa3 20. Nc6+
Kf8 21. Qd6# {Black checkmated} 1-0

[Event "ICC tourney 1911 (25 10)"]
[Site "Internet Chess Club"]
[Date "2020.07.11"]
[Round "1"]
[White "AboardBuffalo"]
[Black "krishghosh"]
[Result "1-0"]
[ICCResult "Black checkmated"]
[WhiteElo "1572"]
[BlackElo "1418"]
[Opening "Ruy Lopez: classical (Cordel) defense"]
[ECO "C64"]
[NIC "RL.01"]
[Time "12:03:46"]
[TimeControl "1500+10"]

1. e4 e5 2. Nf3 Nc6 3. Bb5 Bc5 4. O-O Nge7 5. c3 a6 6. Ba4 b5 7. Bb3 O-O 8.
d4 exd4 9. cxd4 Bb6 10. Nc3 d6 11. h3 Kh8 12. Bf4 Bb7 13. Ng5 Ng6 14. Be3
Qe7 15. Qh5 h6 16. Nd5 Qd7 17. Nxb6 cxb6 18. Nxf7+ Rxf7 19. Qxg6 Rf6 20. Qh5
Na5 21. Bd5 Nc4 22. Bg5 Rff8 23. Bxh6 gxh6 24. Qxh6+ Qh7 25. Qxh7+ Kxh7 26.
Bxb7 Ra7 27. Bd5 Nxb2 28. f4 Nd3 29. f5 Rg7 30. Rf3 Nb4 31. Be6 Nc6 32. f6
Rg6 33. Bf5 Nxd4 34. Bxg6+ Kxg6 35. Rd3 Ne2+ 36. Kf2 Nf4 37. Rxd6 Nh5 38.
Rxb6 Rxf6+ 39. Rxf6+ Nxf6 40. e5 Ne4+ 41. Ke3 Ng3 42. Rc1 Nf5+ 43. Kf4 Nd4
44. Rd1 Ne6+ 45. Kg4 Ng7 46. Rd6+ Kh7 47. Rxa6 b4 48. Ra7 b3 49. Rxg7+ Kxg7
50. axb3 Kf7 51. b4 Ke6 52. b5 Kxe5 53. h4 Kd5 54. h5 Kc5 55. h6 Kxb5 56. h7
Kc4 57. h8=Q Kd5 58. Qe8 Kd6 59. Qe4 Kc5 60. Qd3 Kb4 61. Qc2 Kb5 62. Qc3 Kb6
63. Qc4 Kb7 64. Qc5 Ka6 65. Qb4 Ka7 66. Kf5 Ka6 67. Ke6 Ka7 68. Kd7 Ka6 69.
Kc6 Ka7 70. Qb7# {Black checkmated} 1-0

[Event "ICC tourney 1911 (25 10)"]
[Site "Internet Chess Club"]
[Date "2020.07.11"]
[Round "1"]
[White "DanielA1926"]
[Black "atippa"]
[Result "1-0"]
[ICCResult "Black resigns"]
[WhiteElo "1270"]
[BlackElo "1241"]
[Opening "Queen's pawn game"]
[ECO "D05"]
[NIC "QP.08"]
[Time "12:03:52"]
[TimeControl "1500+10"]

1. d4 d5 2. Nf3 Nf6 3. e3 e6 4. c4 Be7 5. Nc3 O-O 6. Be2 b6 7. O-O Bb7 8.
Ne5 Nbd7 9. f4 c5 10. Bf3 Qc7 11. cxd5 Nxd5 12. Nxd5 Bxd5 13. Bxd5 exd5 14.
dxc5 Nxe5 15. cxb6 axb6 16. fxe5 Qxe5 17. Qf3 Bc5 18. Rd1 Rad8 19. Kh1 Rfe8
20. Qf4 Bxe3 21. Qxe5 Rxe5 22. Re1 Rde8 23. Bxe3 Rxe3 24. Rxe3 Rxe3 25. h3
Kf8 26. Rd1 Re5 27. Rd4 Re2 28. Rb4 Re6 29. Rb5 Rd6 30. Kg1 d4 31. Kf2 Ke7
32. Ke2 Kd7 33. Kd3 Kc6 34. a4 g6 35. Rb4 Rf6 36. Rc4+ Kb7 37. Rxd4 Rf2 38.
Rd7+ Ka6 39. b4 Rxg2 40. b5+ Ka5 41. Kc4 {Black resigns} 1-0

[Event "ICC tourney 1911 (25 10)"]
[Site "Internet Chess Club"]
[Date "2020.07.11"]
[Round "1"]
[White "Knightboy123"]
[Black "natez"]
[Result "0-1"]
[ICCResult "White checkmated"]
[WhiteElo "1421"]
[BlackElo "1537"]
[Opening "Caro-Kann: classical variation"]
[ECO "B18"]
[NIC "CK.10"]
[Time "12:03:50"]
[TimeControl "1500+10"]

1. e4 c6 2. d4 d5 3. Nc3 dxe4 4. Nxe4 Bf5 5. Ng3 Bg6 6. c3 Nd7 7. f4 e6 8.
Nf3 Ngf6 9. Bd3 Bd6 10. Bxg6 hxg6 11. Bd2 Qc7 12. Ne5 c5 13. Nd3 cxd4 14.
cxd4 O-O 15. O-O Qb6 16. Bc3 Nd5 17. Kh1 Ne3 18. Qd2 Nxf1 19. Rxf1 Nf6 20.
Ne5 Rfd8 21. Nc4 Qc6 22. Nxd6 Rxd6 23. Rc1 Qd7 24. Rd1 Rd5 25. Re1 b5 26.
Ne4 Nxe4 27. Rxe4 Rd8 28. Re5 Rxe5 29. fxe5 b4 30. Bxb4 Qxd4 31. Qxd4 Rxd4
32. Bc5 Rd1+ 33. Bg1 a5 34. h3 Re1 35. Kh2 Rxe5 36. Bd4 Rd5 37. Bc3 e5 38.
Kg3 f5 39. b4 axb4 40. Bxb4 Kf7 41. a4 Rd4 42. Bc5 Rxa4 43. Bd6 Re4 44. Kf3
g5 45. g4 Rf4+ 46. Kg3 Ke6 47. Bf8 g6 48. Bh6 Kf6 49. Bf8 Rc4 50. Bd6 f4+
51. Kf2 Rc2+ 52. Kf3 Rh2 53. Ke4 Re2+ 54. Kf3 Re3+ 55. Kg2 Rg3+ 56. Kh2 e4
57. Bc7 e3 58. Bd8+ Ke5 59. Ba5 Ke4 60. Be1 Rf3 61. h4 gxh4 62. Bxh4 e2 63.
Kg2 Rf1 64. g5 e1=Q 65. Bxe1 Rxe1 66. Kf2 Re3 67. Kg2 f3+ 68. Kh1 Re2 69.
Kg1 Kf4 70. Kf1 Kg3 71. Kg1 Re1# {White checkmated} 0-1

[Event "ICC tourney 1911 (25 10)"]
[Site "Internet Chess Club"]
[Date "2020.07.11"]
[Round "1"]
[White "Leolix"]
[Black "soggydollar"]
[Result "1-0"]
[ICCResult "Black resigns"]
[WhiteElo "1611"]
[BlackElo "1304"]
[Opening "QGD: classical variation (5.Bf4)"]
[ECO "D37"]
[NIC "QO.04"]
[Time "12:03:55"]
[TimeControl "1500+10"]

1. d4 d5 2. c4 e6 3. Nc3 Nf6 4. Nf3 Be7 5. Bf4 O-O 6. e3 b6 7. cxd5 exd5 8.
Bd3 c5 9. O-O Nc6 10. Rc1 Bg4 11. h3 Bxf3 12. Qxf3 cxd4 13. Nb5 Rc8 14. Bf5
Ra8 15. Rxc6 g6 16. Nxd4 Ne8 17. Bd3 Bf6 18. Bh6 Bg7 19. Bxg7 Kxg7 20. Rfc1
Nf6 21. Rc7 Re8 22. Bb5 Re7 23. Rxe7 Qxe7 24. Qg3 Qb4 25. Qe5 a6 26. Rc6
axb5 27. Qxf6+ Kg8 28. Rc7 Qf8 29. Nc6 {Black resigns} 1-0

[Event "ICC tourney 1911 (25 10)"]
[Site "Internet Chess Club"]
[Date "2020.07.11"]
[Round "1"]
[White "raghuraja"]
[Black "JadeTooth"]
[Result "1-0"]
[ICCResult "Black checkmated"]
[WhiteElo "1399"]
[BlackElo "1221"]
[Opening "QGD: exchange, positional line"]
[ECO "D35"]
[NIC "QO.16"]
[Time "12:04:29"]
[TimeControl "1500+10"]

1. d4 d5 2. c4 e6 3. Nc3 Nf6 4. cxd5 exd5 5. Bg5 Nbd7 6. e3 c6 7. Bd3 Bd6 8.
Qc2 Qc7 9. Nf3 O-O 10. O-O h6 11. Bh4 b6 12. Rac1 c5 13. Bxf6 Nxf6 14. Nb5
Qe7 15. Nxd6 Qxd6 16. dxc5 bxc5 17. Qxc5 Qxc5 18. Rxc5 Bb7 19. Rc7 Rab8 20.
Rfc1 Rfc8 21. h3 Ne8 22. R7c3 Nf6 23. Nd4 Rxc3 24. Rxc3 Ne4 25. Bxe4 dxe4
26. Rb3 Kh7 27. Nf5 Bc8 28. Rxb8 Bxf5 29. Rb7 a6 30. Rxf7 Be6 31. Ra7 Bxa2
32. Rxa6 Bb1 33. b4 Bd3 34. Rd6 g5 35. f3 Bc2 36. b5 exf3 37. gxf3 Bf5 38.
b6 Bxh3 39. b7 g4 40. b8=Q gxf3 41. Qc7+ Kg8 42. Rd8# {Black checkmated} 1-0

[Event "ICC tourney 1911 (25 10)"]
[Site "Internet Chess Club"]
[Date "2020.07.11"]
[Round "1"]
[White "Kausy"]
[Black "Zwish"]
[Result "1-0"]
[ICCResult "Black resigns"]
[WhiteElo "1706"]
[BlackElo "1037"]
[Opening "Sicilian: Kan, Mar?czy bind (R?ti variation)"]
[ECO "B41"]
[NIC "SI.41"]
[Time "12:04:03"]
[TimeControl "1500+10"]

1. e4 c5 2. Nf3 e6 3. d4 cxd4 4. Nxd4 a6 5. c4 Qc7 6. Nc3 Nf6 7. Bd3 d6 8.
O-O Be7 9. Be3 O-O 10. Rc1 Nbd7 11. b3 b6 12. Qe2 Bb7 13. f3 Rac8 14. Bb1
Rfe8 15. Rfd1 Qb8 16. Qf2 Bd8 17. Nde2 Bc7 18. h3 Ba8 19. a4 Nc5 20. Ba2
Ncd7 21. Kh1 Nf8 22. Bf4 Ng6 23. Bh2 d5 24. Bxc7 Rxc7 25. cxd5 exd5 26. exd5
Rd7 27. b4 Ne7 28. Rd2 Nexd5 29. Nxd5 Nxd5 30. Rcd1 Qe5 31. Ng3 b5 32. axb5
axb5 33. Ne4 Red8 34. Qc5 Qe7 35. Qxe7 Rxe7 36. Bxd5 Bxd5 37. Rxd5 Rb8 38.
Rd8+ Re8 39. Rxe8+ Rxe8 40. Rd5 Rb8 41. Kg1 Kf8 42. Kf2 Ke7 43. Ke3 Ke6 44.
Kd4 f5 45. Re5+ Kd7 46. Rxf5 {Black resigns} 1-0

[Event "ICC tourney 1911 (25 10)"]
[Site "Internet Chess Club"]
[Date "2020.07.11"]
[Round "1"]
[White "mathewjiang"]
[Black "Mulan2009"]
[Result "0-1"]
[ICCResult "White resigns"]
[WhiteElo "1348"]
[BlackElo "1604"]
[Opening "Queen's pawn game"]
[ECO "D02"]
[NIC "QP.08"]
[Time "12:04:00"]
[TimeControl "1500+10"]

1. d4 d5 2. Nf3 e6 3. c4 Bb4+ 4. Bd2 Bxd2+ 5. Qxd2 Nf6 6. Nc3 c6 7. e3 Ne4
8. Qc2 f5 9. Ne5 Nd7 10. Nf3 Nb6 11. c5 Nd7 12. Be2 Ng5 13. b4 Nxf3+ 14.
Bxf3 Nf6 15. b5 Ne4 16. Be2 Qa5 17. Rc1 Bd7 18. a4 a6 19. b6 Qxc3+ 20. Qxc3
Nxc3 21. Rxc3 a5 22. O-O O-O 23. f4 h6 24. Kh1 g5 25. g3 g4 26. Kg2 Kf7 27.
h3 gxh3+ 28. Kxh3 Rg8 29. Rg1 Kf6 30. Rcc1 Rg7 31. Rg2 h5 32. Rcg1 Rh8 33.
Rh2 h4 34. g4 fxg4+ 35. Bxg4 Be8 36. Rhg2 Rhh7 37. Bf3 Bg6 38. Rg5 Bf5+ 39.
Kh2 Bc2 40. Re5 Rxg1 41. Kxg1 Bxa4 42. Kh2 Bc2 43. Bg4 Re7 44. Kh3 Bf5 45.
Kxh4 Rh7+ 46. Bh5 a4 {White resigns} 0-1

[Event "ICC tourney 1911 (25 10)"]
[Site "Internet Chess Club"]
[Date "2020.07.11"]
[Round "1"]
[White "CoastalJourney"]
[Black "poohfur"]
[Result "0-1"]
[ICCResult "White checkmated"]
[WhiteElo "1339"]
[BlackElo "1435"]
[Opening "QGD: Tarrasch defense"]
[ECO "D32"]
[NIC "TD.06"]
[Time "12:03:53"]
[TimeControl "1500+10"]

1. d4 d5 2. c4 e6 3. Nc3 c5 4. Nf3 Nc6 5. e3 Nf6 6. cxd5 exd5 7. Be2 Bd6 8.
O-O O-O 9. b3 Bf5 10. Bb2 h6 11. Rc1 b6 12. Nb5 Be7 13. dxc5 Bxc5 14. a3 a5
15. Bxf6 Qxf6 16. Qxd5 Rad8 17. Qc4 Qb2 18. Qf4 Qxe2 19. Qxf5 Qxb5 20. Nd4
Nxd4 21. exd4 Rxd4 22. Rb1 Qd3 23. Qxd3 Rxd3 24. b4 axb4 25. axb4 Be7 26.
Rfe1 Bf6 27. b5 Rc8 28. g3 Rd2 29. Rbc1 Rxc1 30. Rxc1 Rb2 31. Rc8+ Kh7 32.
Rc7 Kg6 33. h4 Rxb5 34. Rc4 Rb1+ 35. Kg2 b5 36. Rc6 b4 37. g4 Kh7 38. h5 b3
39. Rc7 b2 40. Rxf7 Rg1+ 41. Kxg1 b1=Q+ 42. Kg2 Qe4+ 43. f3 Qe2+ 44. Kg1
Bd4+ 45. Kh1 Qf2 46. Rxg7+ Kxg7 47. g5 Qg1# {White checkmated} 0-1

[Event "ICC tourney 1911 (25 10)"]
[Site "Internet Chess Club"]
[Date "2020.07.11"]
[Round "1"]
[White "ruitang"]
[Black "gsosa"]
[Result "0-1"]
[ICCResult "White resigns"]
[WhiteElo "1470"]
[BlackElo "1557"]
[Opening "Petrov: Nimzovich attack"]
[ECO "C42"]
[NIC "RG.03"]
[Time "12:03:51"]
[TimeControl "1500+10"]

1. e4 e5 2. Nf3 Nf6 3. Nxe5 d6 4. Nf3 Nxe4 5. Nc3 Nxc3 6. dxc3 Be7 7. Bd3
Nc6 8. h3 Be6 9. O-O Qd7 10. a4 h6 11. a5 a6 12. Nd4 Nxd4 13. cxd4 d5 14. f4
Bf5 15. Be2 O-O-O 16. c3 c5 17. Be3 c4 18. b3 Qe6 19. Bc1 Rhe8 20. g4 Bh4
21. Ra2 Be4 22. bxc4 dxc4 23. Ra4 Bc6 24. Ra2 h5 25. Bf3 Bxf3 26. Qxf3 hxg4
27. Qxg4 Qxg4+ 28. hxg4 Re1 29. Rxe1 Bxe1 30. Bd2 Re8 31. Kf1 Bxd2 32. Rxd2
Re3 33. Rc2 Rf3+ 34. Kg2 Rxf4 35. Kg3 Rf1 36. Ra2 Rc1 37. Ra3 Kc7 38. Kf4
Kc6 39. Ke5 Re1+ 40. Kf4 Kd5 41. Ra4 Rc1 42. Ra3 f6 43. Kf5 Rf1+ 44. Kg6 Rg1
45. Kxg7 f5 46. Ra2 fxg4 47. Kg6 g3 48. Kg5 Rc1 49. Kg4 Rxc3 50. Kh3 Kxd4
{White resigns}
0-1

[Event "ICC tourney 1911 (25 10)"]
[Site "Internet Chess Club"]
[Date "2020.07.11"]
[Round "1"]
[White "ReallyBadChess"]
[Black "AmyMGL"]
[Result "0-1"]
[ICCResult "White checkmated"]
[WhiteElo "1317"]
[BlackElo "1483"]
[Opening "Sicilian: Kan, 5.Nc3"]
[ECO "B43"]
[NIC "SI.41"]
[Time "12:08:20"]
[TimeControl "1500+10"]

1. e4 c5 2. Nf3 e6 3. d4 cxd4 4. Nxd4 a6 5. Nc3 Qc7 6. Be3 Bb4 7. Qd2 Nf6 8.
f3 d5 9. Bd3 e5 10. O-O exd4 11. Bxd4 Bc5 12. Be2 Bxd4+ 13. Qxd4 dxe4 14.
fxe4 O-O 15. Rxf6 gxf6 16. Nd5 Rd8 17. Nxf6+ Kf8 18. Nxh7+ Ke8 19. Nf6+ Ke7
20. Nd5+ Rxd5 21. Qxd5 Be6 22. Qg5+ Kd7 23. Rd1+ Kc6 24. b4 Qb6+ 25. Kh1 Nd7
26. Qf4 Qxb4 27. c3 Qc5 28. Bf3 Qe5 29. Qd2 Rh8 30. g4 Kc7 31. Rb1 Nc5 32.
Qb2 Kb8 33. a4 Bc8 34. Qe2 Nxa4 35. Rb3 Nc5 36. Rb2 Ka8 37. Rd2 Bd7 38. Rd5
Qxc3 39. Kg2 Bc6 40. Rd2 Ne6 41. Kh1 Nf4 42. Qe1 Qxf3+ 43. Kg1 Nh3#
{White checkmated}
0-1

[Event "ICC tourney 1911 (25 10)"]
[Site "Internet Chess Club"]
[Date "2020.07.11"]
[Round "1"]
[White "okalia"]
[Black "capetarget"]
[Result "0-1"]
[ICCResult "White resigns"]
[WhiteElo "1394"]
[BlackElo "1374"]
[Opening "Ruy Lopez: closed, 7...O-O"]
[ECO "C88"]
[NIC "RL.17"]
[Time "12:03:49"]
[TimeControl "1500+10"]

1. e4 e5 2. Nf3 Nc6 3. Bb5 a6 4. Ba4 Nf6 5. O-O Be7 6. Re1 b5 7. Bb3 O-O 8.
h3 d5 9. exd5 Nxd5 10. d3 Bb7 11. Bxd5 Qxd5 12. Nc3 Qd6 13. Ne4 Qg6 14. Bg5
Bxg5 15. Nexg5 f5 16. c3 h6 17. Qb3+ Kh8 18. Ne6 Nd4 19. Nexd4 exd4 20. Qe6
Rf6 21. Qe2 dxc3 22. bxc3 Bd5 23. a4 c6 24. axb5 cxb5 25. Qe3 f4 26. Qe2
Raf8 27. Nh4 Qf7 28. Nf3 Rg6 29. Kh2 Qb7 30. Rac1 Rff6 31. Rg1 Re6 32. Qd1
Rxg2+ 33. Rxg2 Bxf3 34. Qg1 Bxg2 35. Qxg2 Qxg2+ 36. Kxg2 Kh7 37. Kf3 g5 38.
h4 Kg6 39. hxg5 hxg5 40. Ra1 Kf5 41. Rg1 Rh6 42. Rg2 g4+ 43. Rxg4 Rh3+ 44.
Rg3 fxg3 45. fxg3 a5 {White resigns} 0-1

[Event "ICC tourney 1911 (25 10)"]
[Site "Internet Chess Club"]
[Date "2020.07.11"]
[Round "1"]
[White "Armandollantas"]
[Black "Almanac2050"]
[Result "1/2-1/2"]
[ICCResult "Game drawn because neither player has mating material"]
[WhiteElo "1550"]
[BlackElo "1618"]
[Opening "Queen's gambit accepted"]
[ECO "D20"]
[NIC "QG.03"]
[Time "12:04:35"]
[TimeControl "1500+10"]

1. d4 d5 2. c4 dxc4 3. Nc3 Nf6 4. e4 e5 5. Nf3 exd4 6. Nxd4 c5 7. Ndb5 Qxd1+
8. Kxd1 Kd8 9. Bf4 Ne8 10. Bxc4 a6 11. Na3 b5 12. Bd5 Ra7 13. Bxb8 Rd7 14.
Ne2 Nf6 15. Kc2 Nxd5 16. exd5 Rxd5 17. Rad1 Bf5+ 18. Kc1 Rxd1+ 19. Rxd1+ Kc8
20. Bd6 Bxd6 21. Rxd6 Kb7 22. Rd5 Be6 23. Rxc5 Bxa2 24. Nd4 Kb6 25. b4 Rd8
26. Nf5 g6 27. Ne3 Rd4 28. Nac2 Rd7 29. Kb2 Be6 30. Kc3 a5 31. Re5 Rc7+ 32.
Kb2 Rd7 33. Kc3 Rc7+ 34. Kd3 axb4 35. Nxb4 Rd7+ 36. Kc3 Rc7+ 37. Kd4 Rd7+
38. Ke4 Rd2 39. Kf3 Rd4 40. Nbd5+ Kc6 41. Nf4 Bc8 42. Re7 Rd7 43. Rxd7 Bxd7
44. Nd3 Be6 45. Ke4 Kb6 46. Kd4 Ka5 47. Kc5 Ka4 48. Nc2 Kb3 49. Nd4+ Kc3 50.
Nxe6 fxe6 51. Nb4 e5 52. Kxb5 Kd2 53. Kc4 Ke2 54. Kd5 Kxf2 55. g4 Kf3 56.
Kxe5 Kxg4 57. Nd3 Kh3 58. Kf4 Kxh2 59. Kg5 h5 60. Nf4 Kg3 61. Nxh5+ gxh5 62.
Kxh5 {Game drawn because neither player has mating material} 1/2-1/2

[Event "ICC tourney 1911 (25 10)"]
[Site "Internet Chess Club"]
[Date "2020.07.11"]
[Round "1"]
[White "rpughiii"]
[Black "chessisthebest1"]
[Result "1-0"]
[ICCResult "Black checkmated"]
[WhiteElo "1347"]
[BlackElo "1472"]
[Opening "R?ti: King's Indian attack (Barcza system)"]
[ECO "A07"]
[NIC "QP.09"]
[Time "12:03:58"]
[TimeControl "1500+10"]

1. Nf3 d5 2. g3 Nf6 3. Bg2 e6 4. O-O c5 5. d3 Nc6 6. Nbd2 Be7 7. e4 O-O 8.
Qe2 Re8 9. c3 b6 10. e5 Nd7 11. Re1 Bb7 12. h4 g6 13. Nf1 Qc7 14. Bf4 Bf8
15. N1h2 Bg7 16. Ng4 Qc8 17. Nh6+ Kf8 18. h5 Ndxe5 19. hxg6 hxg6 20. Nxe5
Nxe5 21. Bxe5 Bxh6 22. Qf3 Bg7 23. g4 Qd8 24. Qf4 Bxe5 25. Rxe5 Kg7 26. g5
Rb8 27. d4 c4 28. Rae1 Rh8 29. R1e3 Rh5 30. Rf3 Qe7 31. Rf5 gxf5 32. Qxb8
Rxg5 33. Rh3 Rg4 34. Qh8+ Kg6 35. Qh6# {Black checkmated} 1-0

[Event "ICC tourney 1911 (25 10)"]
[Site "Internet Chess Club"]
[Date "2020.07.11"]
[Round "1"]
[White "StevChess01"]
[Black "imranchamp"]
[Result "1/2-1/2"]
[ICCResult "Game drawn by mutual agreement"]
[WhiteElo "1387"]
[BlackElo "1458"]
[Opening "Benk? gambit half accepted"]
[ECO "A57"]
[NIC "BI.45"]
[Time "12:03:50"]
[TimeControl "1500+10"]

1. d4 Nf6 2. c4 c5 3. d5 b5 4. cxb5 a6 5. f3 axb5 6. e4 b4 7. e5 Ng8 8. f4
d6 9. Bb5+ Bd7 10. Bxd7+ Qxd7 11. Nf3 g6 12. O-O Bg7 13. Ng5 e6 14. dxe6
fxe6 15. Ne4 dxe5 16. Nd6+ Kd8 17. Nf7+ Ke7 18. Nxh8 Qxd1 19. Rxd1 Bxh8 20.
fxe5 Bxe5 21. Nd2 Nc6 22. Nf3 Rf8 23. Nxe5 Nxe5 24. Bg5+ Nf6 25. Rf1 Nd7 26.
Rac1 Ra8 27. a3 bxa3 28. bxa3 Rxa3 29. Bxf6+ Nxf6 30. Rxc5 Nd5 31. Rb5 Ra7
32. Re1 Kd6 33. h3 Kc6 34. Rb3 Kd6 35. Kh2 Ra2 36. Rf3 Ra7 37. Ref1 Ke5 38.
Rf7 Rxf7 39. Rxf7 h5 40. Kg3 g5 41. Rh7 Nf6 42. Ra7 Kf5 43. Ra5+ Nd5 44. Kf3
Kf6 45. g3 Ne7 46. Ke4 Nd5 47. Rc5 Ne7 48. Ra5 Nf5 49. Ra3 Nd6+ 50. Kf3 Nf5
51. Ra5 Ne7 52. h4 gxh4 53. gxh4 Nf5 54. Ra4 Kg6 55. Kg2 Kf6 56. Kh3 Kg6 57.
Ra1 Kf6 58. Rg1 Ng7 59. Rg5 Kf7 60. Ra5 Kf6 61. Ra7 Nf5 62. Ra6 Kf7 63. Ra4
Kf6 64. Kg2 Kg6 65. Kf3 Kf6 66. Ke2 Kg6 67. Kd3 Kf6 68. Kc3 Kg6 69. Rb4 Kf6
70. Re4 Ng3 71. Rc4 Ke5 72. Kb4 Kf5 73. Kc5 e5 74. Kd5 e4 75. Rc3 Kf4 76.
Ra3 Kg4 77. Kd4 Kxh4 78. Ke3 {Game drawn by mutual agreement} 1/2-1/2

[Event "ICC tourney 1911 (25 10)"]
[Site "Internet Chess Club"]
[Date "2020.07.11"]
[Round "1"]
[White "gmcarebear999"]
[Black "Niteshc"]
[Result "1-0"]
[ICCResult "Black checkmated"]
[WhiteElo "1370"]
[BlackElo "1276"]
[Opening "King's Indian: orthodox, 7...Nbd7"]
[ECO "E94"]
[NIC "KI.14"]
[Time "12:03:52"]
[TimeControl "1500+10"]

1. d4 Nf6 2. c4 g6 3. Nc3 Bg7 4. e4 O-O 5. Nf3 d6 6. Be2 Nbd7 7. O-O e5 8.
dxe5 Nxe5 9. Nxe5 dxe5 10. Qxd8 Rxd8 11. Bg5 h6 12. Bxf6 Bxf6 13. Nd5 Bg7
14. Nxc7 Rb8 15. Rfd1 Bd7 16. Nd5 Kf8 17. Rac1 Rbc8 18. f3 Be6 19. Kf2 f5
20. Ke3 h5 21. Kd3 Bh6 22. Rc3 Bg7 23. Kc2 Bxd5 24. cxd5 Rxc3+ 25. bxc3 Ke7
26. c4 Rf8 27. Bd3 Kd6 28. Kc3 f4 29. Kb4 Rc8 30. Rc1 b6 31. g3 Bh6 32. Rg1
Rg8 33. Kb5 Bg5 34. Ka6 Rg7 35. Kb5 fxg3 36. hxg3 Be3 37. Rg2 Bc5 38. f4 Bd4
39. a4 Rg8 40. a5 a6+ 41. Kb4 Rb8 42. Rc2 bxa5+ 43. Kxa5 Rb3 44. fxe5+ Kc7
45. Bf1 Kb7 46. Ka4 Rxg3 47. Kb4 Rg1 48. Rc1 h4 49. e6 Kc7 50. e5 h3 51. e7
Kd7 52. Bxh3+ Kxe7 53. Rxg1 Bxg1 54. d6+ Kd8 55. e6 Bd4 56. e7+ Ke8 57. c5
a5+ 58. Kb5 a4 59. c6 a3 60. Be6 g5 61. c7 g4 62. c8=Q# {Black checkmated}
1-0

[Event "ICC tourney 1911 (25 10)"]
[Site "Internet Chess Club"]
[Date "2020.07.11"]
[Round "1"]
[White "Ajitesh20091"]
[Black "HAPPYKING99"]
[Result "1/2-1/2"]
[ICCResult "Game drawn by mutual agreement"]
[WhiteElo "1423"]
[BlackElo "1253"]
[Opening "Sicilian: Kan, 5.Nc3"]
[ECO "B43"]
[NIC "SI.41"]
[Time "12:13:08"]
[TimeControl "1500+10"]

1. e4 c5 2. Nf3 e6 3. d4 cxd4 4. Nxd4 a6 5. Nc3 Qc7 6. a3 b5 7. Be3 Bb7 8.
f3 Nf6 9. Be2 Be7 10. Qd2 b4 11. axb4 Bxb4 12. Ra4 a5 13. Ndb5 Qc6 14. Bf4
O-O 15. g4 Ba6 16. Nc7 Bxc3 17. Qxc3 Qxa4 18. Nxa8 Bxe2 19. Kxe2 Nc6 20. Nc7
Rc8 21. b3 Qa3 22. Rd1 Qe7 23. Bd6 Qd8 24. e5 Ne8 25. Nxe8 Qxe8 26. Qd3 h6
27. f4 Nb4 28. Bxb4 axb4 29. Rd2 Rc3 30. Qxd7 Qxd7 31. Rxd7 Rxc2+ 32. Kd3
Rc3+ 33. Ke4 Rxb3 34. Rd8+ Kh7 35. f5 exf5+ 36. gxf5 Rb1 37. e6 Re1+ 38. Kf4
fxe6 39. fxe6 Rxe6 40. Rb8 Re2 41. Rxb4 Rxh2 42. Kf5 h5 43. Kg5 h4 44. Kg4
h3 45. Rb1 Kh6 46. Kg3 {Game drawn by mutual agreement} 1/2-1/2

[Event "ICC tourney 1911 (25 10)"]
[Site "Internet Chess Club"]
[Date "2020.07.11"]
[Round "1"]
[White "HeJustin"]
[Black "sushivishwa"]
[Result "0-1"]
[ICCResult "White resigns"]
[WhiteElo "1072"]
[BlackElo "1470"]
[Opening "Ruy Lopez: Anderssen variation"]
[ECO "C77"]
[NIC "RL.12"]
[Time "12:03:48"]
[TimeControl "1500+10"]

1. e4 e5 2. Nf3 Nc6 3. Bb5 a6 4. Ba4 Nf6 5. d3 b5 6. Bb3 Bc5 7. c3 d6 8. O-O
Bb6 9. h3 h6 10. Nbd2 Bb7 11. Re1 O-O 12. Nf1 Ne7 13. Ng3 Ng6 14. Nf5 c5 15.
Nh2 c4 16. Bc2 d5 17. exd5 Qxd5 18. Nf3 cxd3 19. Qxd3 Qxd3 20. Bxd3 e4 21.
Bxe4 Bxe4 22. Ng3 Bxf3 23. gxf3 Rfe8 24. Be3 Bxe3 25. fxe3 Rad8 26. Nf1 Ne5
27. Kg2 Rd3 28. Rad1 Red8 29. Rxd3 Rxd3 30. Kf2 Nc4 31. b3 Ne5 32. Rc1 Nd5
33. c4 bxc4 34. bxc4 Rc3 35. Rxc3 Nxc3 36. c5 Nxa2 37. Ke2 Kf8 38. f4 Nc6
39. Kd3 Ke7 40. Kc4 Nab4 41. Nd2 f5 42. Nb3 g5 43. fxg5 hxg5 44. Nd2 Ke6 45.
Nf3 Kf6 46. Nd4 Nxd4 47. exd4 f4 48. Kxb4 f3 49. c6 f2 50. c7 f1=Q 51. c8=Q
Qb5+ 52. Kc3 Qa5+ 53. Kb3 Qd5+ 54. Kc3 Qe6 55. Qf8+ Kg6 56. Qf3 Qf5 57. Qc6+
Qf6 58. Qe4+ Kh6 59. Kb4 Qb6+ 60. Kc3 Qa5+ 61. Kc4 Qa4+ 62. Kc5 Qb5+ 63. Kd6
Qb6+ 64. Qc6 Qxd4+ 65. Kc7+ Kh5 66. Qf3+ Kh4 67. Kb7 Qf4 68. Qd3 a5 69. Ka6
a4 70. Ka5 a3 71. Qxa3 Qg3 72. Qb4+ Kxh3 73. Qf8 g4 74. Qh6+ Kg2 75. Kb4 Qf3
76. Kc4 g3 77. Kd4 Kg1 78. Qc1+ Qf1 79. Qg5 g2 80. Kc3 Qe1+ 81. Kd3 Kf1 82.
Qf4+ Qf2 83. Qc1+ Qe1 84. Qf4+ Kg1 85. Qg5 Qb1+ 86. Ke2 Qh7 87. Qg3 Qe4+ 88.
Kd2 Qd4+ 89. Ke2 Qb2+ 90. Ke1 Qc1+ 91. Ke2 Qf1+ 92. Ke3 Qf5 93. Ke2 Qe4+ 94.
Kd2 Kf1 95. Qh3 Qd4+ 96. Kc2 Qf2+ 97. Kd1 Qe2+ 98. Kc1 Ke1 99. Qh2 Qe3+ 100.
Kb1 g1=Q {White resigns} 0-1